Winsalmostnever, chaotic male orcish Wizard ... .....GG ......G h . --%... ..--..... .G...h%... GG .....@... ---.....- --.<..| |..--- ---- Winsalmostnever the Thaumaturge Experience level: 6 Strength: 10 Dexterity: 14 Constitution: 16 Intelligence: 16 Wisdom: 14 Charisma: 8 Health: 0(73) Energy: 11(57) Def: 12 Gold: 152 Moves: 2802 Dungeon seed: khGyZWifoKGc0uok Game ID: Winsalmostnever_1708167990 Your Inventory: Coins $ - 152 gold pieces Weapons a - a blessed +1 quarterstaff L - an uncursed +0 dwarvish short sword of searching N - an uncursed +0 axe of aggravate monster and frost (weapon in hand) Armor e - an uncursed +0 cloak of magic resistance (being worn) n - a blessed +1 dwarvish iron helm (being worn) q - an uncursed +0 dwarvish mithril-coat of stealth (being worn) y - an uncursed +1 pair of speed boots (being worn) Comestibles j - 2 uncursed food rations M - an uncursed apple Scrolls I - a blessed scroll of teleportation Q - an uncursed scroll of remove curse Potions r - an uncursed potion of see invisible F - an uncursed potion of healing Wands b - an uncursed wand of striking (0:0) k - an uncursed wand of undead turning (0:5) A - an uncursed wand of teleportation (0:6) Tools h - an uncursed blindfold v - an uncursed skeleton key w - an uncursed credit card H - an uncursed blindfold J - an uncursed bag of holding K - an uncursed can of grease (0:17) P - 7 uncursed partly used tallow candles (lit) (0:82) Spells and supernatural/magical abilities: Name Level Category Cost Memory a - force bolt 1 attack 7pw 99% m - magic missile 2 attack 25pw 96% z - sleep 1 enchantment 8pw 96% H - speed monster 3 escape 100pw 96% I - identify 2 divination 25pw 99% O - summoning 2 clerical 25pw 99% W - pray for help -- divine ? -- Your skills at the end: Fighting Skills wands [Basic] Weapon Skills short sword [Basic] quarterstaff [Basic] Spellcasting Skills attack spells [Skilled] enchantment spells [Basic] Final Attributes: You were piously aligned. You were immune to poison. You were magic resistant. You were telepathic. You had infravision. You were visible. You were stealthy. You aggravated monsters. You were very fast. Anhur was noncommittal. You are dead. Vanquished creatures: 2 giant spiders a scorpion a gnome king a housecat a bugbear a rock mole a yellow light a shrieker 8 gnome lords 3 gnomish wizards a gray ooze a barrow wight a giant ant a floating eye 12 dwarves 4 hill orcs 5 killer bees an acid blob a coyote 2 hobbits 5 manes 2 giant rats 3 cave spiders 2 yellow molds 41 gnomes 3 geckos 5 jackals 2 foxes a sewer rat 2 grid bugs 4 lichens 3 newts 122 creatures vanquished. Voluntary challenges: You had been an atheist until turn 2049. You used a wielded weapon 151 times, starting on turn 277. You read items or engraved 15 times, starting on turn 160. You never genocided any monsters. You never polymorphed an object. You never changed form. You used no wishes. You never split a pudding. You never wrote Elbereth's name. You violated your moral code, losing 58 points of alignment, starting on turn 1560. Dungeon overview: The Dungeons of Doom: levels 1 to 4 Level 1 an altar to Ptah, a fountain a long staircase Level 2 a vault Level 3 a vault Level 4 an armor shop, a fountain stairs to The Gnomish Mines The Gnomish Mines: levels 5 to 10 Level 5 stairs to The Dungeons of Doom Level 6 Level 7 Level 8 some shops, a temple to Thoth, some fountains, some trees Level 9 Level 10 <- You were here History has recorded: On T:1 you entered the Dungeons of Doom to retrieve the Amulet of Yendor! On T:250 you reached level 2 of The Dungeons of Doom. On T:471 you advanced to experience level 2. On T:484 you reached level 3 of The Dungeons of Doom. On T:811 you advanced to experience level 3. On T:961 you reached level 4 of The Dungeons of Doom. On T:1083 you reached level 1 of The Gnomish Mines. On T:1121 you reached level 2 of The Gnomish Mines. On T:1126 you advanced to experience level 4. On T:1273 you advanced to experience level 5. On T:1547 you advanced to experience level 6. On T:1684 you reached level 3 of The Gnomish Mines. On T:1888 you reached level 4 of The Gnomish Mines. On T:2056 you advanced to experience level 7. On T:2207 you reached level 5 of The Gnomish Mines. On T:2770 you reached level 6 of The Gnomish Mines. Score breakdown: Gold: 152 ( 7431 points) Experience: 6 levels (12456 points) Exploration: 10 levels ( 20.41%) (12990 points) Discoveries: 23 items ( 8.01%) ( 8492 points) Valuables value: (no points given unless you survive) Artifact value: 0 ( 0 points) Variety of kills: 32 monsters ( 8.42%) ( 8705 points) Turncount: 2802 turns ( -499 points) Survival: died (score multiplied by 80%) Total score: 39660 Latest messages: The dwarf wields a dwarvish short sword! The giant spider bites! You miss the giant spider. The giant spider bites! The wand hits the giant spider. The wand hits the gnome! The gnome resists! The gnome is killed! The wand hits the giant spider! The dwarf wields a dwarvish short sword! (2x) The dwarf thrusts her dwarvish short sword at you. The dwarf hits! The giant spider bites! The dwarf picks up a thonged club from the floor. You miss the dwarf. (2x) The dwarf thrusts her dwarvish short sword at you. The dwarf hits! You miss the dwarf. (3x) The dwarf thrusts her dwarvish short sword at you. The dwarf hits! You die... For some reason, you think that you can almost hear the Wizard laugh manically... Final status: Goodbye Winsalmostnever the Wizard, killed by a dwarf... You died in The Gnomish Mines on dungeon level 10 with 39660 points, and 152 pieces of gold, after 2802 moves. You were level 6 with a maximum of 73 hit points when you died.